TOP OF THE 1ST |
Mancelona Torch batting - Pitching for South Beach Blaze : RHP Marv Bradford
|
Pitching: RHP Marv Bradford
|
|
Batting: RHB Jim Unknown
|
0-0: Ball 1-0: Ball 2-0: Ground out 5-3 (Groundball, 56)
|
Batting: RHB Ricardo Cardenas
|
0-0: Foul Ball, location: 2F 0-1: Ball 1-1: Fly out, F7 (Flyball, 7S)
|
Batting: LHB Manuel Carmona
|
0-0: Ball 1-0: Foul Ball, location: 2F 1-1: Ball 2-1: Ground out U3 (Groundball, 3)
|
Top of the 1st over - 0 run(s), 0 hit(s), 0 error(s), 0 left on base; Mancelona 0 - South Beach 0 |
BOTTOM OF THE 1ST |
South Beach Blaze batting - Pitching for Mancelona Torch : RHP Tadayoshi Tanaka
|
Pitching: RHP Tadayoshi Tanaka
|
|
Batting: RHB Sergio Anruvio
|
0-0: Ball 1-0: Fly out, F9 (Flyball, 9M)
|
Batting: RHB Leonardo Ramírez
|
0-0: Ground out 1-3 (Groundball, 25)
|
Batting: LHB Miguel Pacheco
|
0-0: Ball 1-0: Called Strike 1-1: Hit by Pitch
|
Batting: LHB Tomás Mejía
|
0-0: Ball 1-0: SINGLE (Line Drive, 9S) Miguel Pacheco to second
|
Batting: RHB Dimian Menres
|
0-0: Called Strike 0-1: Ball 1-1: Foul Ball, location: 2F 1-2: Ball 2-2: Ball 3-2: Strikes out swinging
|
Bottom of the 1st over - 0 run(s), 1 hit(s), 0 error(s), 2 left on base; Mancelona 0 - South Beach 0 |
TOP OF THE 2ND |
Mancelona Torch batting - Pitching for South Beach Blaze : RHP Marv Bradford
|
Batting: RHB Juan Carlos Cruz
|
0-0: Ball 1-0: Ball 2-0: Called Strike 2-1: Swinging Strike 2-2: Strikes out swinging
|
Batting: RHB Ron Thomas
|
0-0: Called Strike 0-1: Foul Ball, location: 2F 0-2: Ball 1-2: Ball 2-2: SINGLE (Groundball, 4MD)
|
Batting: RHB Henry Lambright
|
0-0: Foul Ball, location: 2F 0-1: Swinging Strike 0-2: Strikes out swinging
|
Batting: RHB Jim Unknown
|
0-0: Called Strike 0-1: Foul Ball, location: 2F 0-2: SINGLE (Groundball, 23) (infield hit) Ron Thomas to second
|
Batting: RHB Bert Cook
|
0-0: Called Strike 0-1: Ball 1-1: Swinging Strike Balk! Ron Thomas to third Jim Unknown to second 1-2: Foul Ball, location: 2F 1-2: Ground out 6-3 (Groundball, 56)
|
Top of the 2nd over - 0 run(s), 2 hit(s), 0 error(s), 2 left on base; Mancelona 0 - South Beach 0 |
BOTTOM OF THE 2ND |
South Beach Blaze batting - Pitching for Mancelona Torch : RHP Tadayoshi Tanaka
|
Batting: RHB Nick Ross
|
0-0: Ball 1-0: Ball 2-0: Ground out 5-3 (Groundball, 5S)
|
Batting: RHB Troy Charles
|
0-0: Fly out, F6 (Popup, 6S)
|
Batting: RHB León Domínguez
|
0-0: Called Strike 0-1: Fly out, F8 (Flyball, 8RM)
|
Bottom of the 2nd over - 0 run(s), 0 hit(s), 0 error(s), 0 left on base; Mancelona 0 - South Beach 0 |
TOP OF THE 3RD |
Mancelona Torch batting - Pitching for South Beach Blaze : RHP Marv Bradford
|
Batting: LHB José Hernández
|
0-0: Ball 1-0: Ground out 4-3 (Groundball, 4)
|
Batting: RHB Jim Unknown
|
0-0: Called Strike 0-1: Swinging Strike 0-2: Strikes out swinging
|
Batting: RHB Ricardo Cardenas
|
0-0: Called Strike 0-1: Foul Ball, location: 2F 0-2: Ball 1-2: Foul Ball, location: 2F 1-2: Strikes out swinging
|
Top of the 3rd over - 0 run(s), 0 hit(s), 0 error(s), 0 left on base; Mancelona 0 - South Beach 0 |
BOTTOM OF THE 3RD |
South Beach Blaze batting - Pitching for Mancelona Torch : RHP Tadayoshi Tanaka
|
Batting: RHB Wade Killefer
|
0-0: Called Strike 0-1: Ball 1-1: Ball 2-1: Foul Ball, location: 2F 2-2: Foul Ball, location: 2F 2-2: Reached on error, E3 (Groundball, 3S)
|
Batting: RHB Sergio Anruvio
|
0-0: Foul Ball, location: 2F 0-1: Ball 1-1: Ball 2-1: Ball 3-1: Called Strike 3-2: Base on Balls Wade Killefer to second
|
Batting: RHB Leonardo Ramírez
|
0-0: 3-RUN HOME RUN (Flyball, 7LD), Distance : 370 ft
|
Batting: LHB Miguel Pacheco
|
0-0: Ball 1-0: Ball 2-0: Fly out, F4 (Popup, 4MD)
|
Batting: LHB Tomás Mejía
|
0-0: Hit by Pitch
|
Batting: RHB Dimian Menres
|
0-0: Called Strike 0-1: Swinging Strike 0-2: Ball 1-2: Fly out, F9 (Line Drive, 9M)
|
Batting: RHB Nick Ross
|
0-0: Called Strike Throwing error on steal attempt, E2 Tomás Mejía to third 0-1: Ball 1-1: Fly out, F5 (Line Drive, 5)
|
Bottom of the 3rd over - 3 run(s), 1 hit(s), 2 error(s), 1 left on base; Mancelona 0 - South Beach 3 |
TOP OF THE 4TH |
Mancelona Torch batting - Pitching for South Beach Blaze : RHP Marv Bradford
|
Batting: LHB Manuel Carmona
|
0-0: Ball 1-0: Ball 2-0: Ball 3-0: Called Strike 3-1: Swinging Strike 3-2: Strikes out swinging
|
Batting: RHB Juan Carlos Cruz
|
0-0: Ball 1-0: DOUBLE (Groundball, 5L)
|
Batting: RHB Ron Thomas
|
0-0: Called Strike 0-1: Foul Ball, location: 2F 0-2: Strikes out looking
|
Batting: RHB Henry Lambright
|
0-0: Ball 1-0: Ground out 5-3 (Groundball, 56)
|
Top of the 4th over - 0 run(s), 1 hit(s), 0 error(s), 1 left on base; Mancelona 0 - South Beach 3 |
BOTTOM OF THE 4TH |
South Beach Blaze batting - Pitching for Mancelona Torch : RHP Tadayoshi Tanaka
|
Batting: RHB Troy Charles
|
0-0: Called Strike 0-1: Called Strike 0-2: Strikes out swinging
|
Batting: RHB León Domínguez
|
0-0: Called Strike 0-1: Called Strike 0-2: Foul Ball, location: 2F 0-2: Fly out, F8 (Flyball, 8RM)
|
Batting: RHB Wade Killefer
|
0-0: Ball 1-0: Fly out, F9 (Flyball, 9S)
|
Bottom of the 4th over - 0 run(s), 0 hit(s), 0 error(s), 0 left on base; Mancelona 0 - South Beach 3 |
TOP OF THE 5TH |
Mancelona Torch batting - Pitching for South Beach Blaze : RHP Marv Bradford
|
Batting: RHB Jim Unknown
|
0-0: Called Strike 0-1: Called Strike 0-2: Ball 1-2: Strikes out swinging
|
Batting: RHB Bert Cook
|
0-0: Foul Ball, location: 2F 0-1: Ball 1-1: Foul Ball, location: 2F 1-2: Ball 2-2: Foul Ball, location: 2F 2-2: Ground out 1-3 (Groundball, 15)
|
Batting: LHB José Hernández
|
0-0: Ball 1-0: Called Strike 1-1: SOLO HOME RUN (Flyball, 89XD), Distance : 415 ft
|
Batting: RHB Jim Unknown
|
0-0: Fly out, F8 (Flyball, 8LD)
|
Top of the 5th over - 1 run(s), 1 hit(s), 0 error(s), 0 left on base; Mancelona 1 - South Beach 3 |
BOTTOM OF THE 5TH |
South Beach Blaze batting - Pitching for Mancelona Torch : RHP Tadayoshi Tanaka
|
Batting: RHB Sergio Anruvio
|
0-0: Called Strike 0-1: Ball 1-1: Ball 2-1: Ball 3-1: SINGLE (Groundball, 56D)
|
Batting: RHB Leonardo Ramírez
|
0-0: Ball 1-0: Bunted foul 1-1: Ball 2-1: Sac Bunt - play at first, batter OUT! 3-4 Sergio Anruvio to second
|
Batting: LHB Miguel Pacheco
|
0-0: Ball 1-0: Called Strike 1-1: Foul Ball, location: 2F 1-2: Ball 2-2: Ball 3-2: Foul Ball, location: 2F 3-2: Base on Balls
|
Batting: LHB Tomás Mejía
|
0-0: Called Strike 0-1: Called Strike 0-2: DOUBLE (Flyball, 9M) Sergio Anruvio scores Miguel Pacheco to third Runner from 3rd tries for Home, SAFE, no throw or cutoff
|
Batting: RHB Dimian Menres
|
0-0: Ball 1-0: Ball 2-0: Called Strike 2-1: DOUBLE (Groundball, 5L) Tomás Mejía scores
|
Pitching: LHP Manuel Cruz
|
|
Batting: RHB Nick Ross
|
0-0: Ball 1-0: Ball 2-0: Ball 3-0: Base on Balls
|
Batting: RHB Troy Charles
|
0-0: Called Strike 0-1: Ball 1-1: Foul Ball, location: 2F 1-2: Strikes out swinging
|
Batting: RHB León Domínguez
|
0-0: SINGLE (Groundball, 6MD) Dimian Menres to third Nick Ross to second Runner from 3rd tries for Home, SAFE, no throw or cutoff
|
Batting: RHB Wade Killefer
|
0-0: Ball 1-0: Called Strike 1-1: Swinging Strike 1-2: Ground out 5-3 (Groundball, 5S)
|
Bottom of the 5th over - 4 run(s), 4 hit(s), 0 error(s), 2 left on base; Mancelona 1 - South Beach 7 |
TOP OF THE 6TH |
Mancelona Torch batting - Pitching for South Beach Blaze : RHP Marv Bradford
|
Batting: RHB Ricardo Cardenas
|
0-0: Called Strike 0-1: Fly out, F4 (Popup, 4M)
|
Batting: LHB Manuel Carmona
|
0-0: Ball 1-0: Ball 2-0: Foul Ball, location: 2F 2-1: Ball 3-1: Foul Ball, location: 2F 3-2: Fly out, F8 (Flyball, 8LM)
|
Batting: RHB Juan Carlos Cruz
|
0-0: Ball 1-0: Ball 2-0: Ball 3-0: Called Strike 3-1: Base on Balls
|
Batting: RHB Ron Thomas
|
0-0: Called Strike 0-1: Called Strike 0-2: Strikes out swinging
|
Top of the 6th over - 0 run(s), 0 hit(s), 0 error(s), 1 left on base; Mancelona 1 - South Beach 7 |
BOTTOM OF THE 6TH |
South Beach Blaze batting - Pitching for Mancelona Torch : LHP Manuel Cruz
|
Batting: RHB Sergio Anruvio
|
0-0: Ball 1-0: Fly out, F9 (Flyball, 89M)
|
Batting: RHB Leonardo Ramírez
|
0-0: Ball 1-0: Swinging Strike 1-1: Ball 2-1: Foul Ball, location: 2F 2-2: Ground out 5-3 (Groundball, 56)
|
Batting: LHB Miguel Pacheco
|
0-0: Ball 1-0: Ball 2-0: Ball 3-0: Called Strike 3-1: Called Strike 3-2: Strikes out swinging
|
Bottom of the 6th over - 0 run(s), 0 hit(s), 0 error(s), 0 left on base; Mancelona 1 - South Beach 7 |
TOP OF THE 7TH |
Mancelona Torch batting - Pitching for South Beach Blaze : RHP Marv Bradford
|
Batting: RHB Henry Lambright
|
0-0: Foul Ball, location: 2F 0-1: Called Strike 0-2: Ball 1-2: Ground out 6-3 (Groundball, 6M)
|
Batting: RHB Jim Unknown
|
0-0: Ball 1-0: Foul Ball, location: 2F 1-1: Ball 2-1: Swinging Strike 2-2: Ground out 5-3 (Groundball, 56)
|
Batting: RHB Bert Cook
|
0-0: Ball 1-0: Bunt for hit - play at first, batter safe!
|
Batting: LHB José Hernández
|
0-0: Ball 1-0: Called Strike 1-1: Ball 2-1: Foul Ball, location: 2F 2-2: Foul Ball, location: 2F 2-2: Fielders Choice at 2nd, U6 (Groundball, 6M)
|
Top of the 7th over - 0 run(s), 1 hit(s), 0 error(s), 1 left on base; Mancelona 1 - South Beach 7 |
BOTTOM OF THE 7TH |
South Beach Blaze batting - Pitching for Mancelona Torch : LHP Manuel Cruz
|
Batting: LHB Tomás Mejía
|
0-0: Foul Ball, location: 2F 0-1: Fly out, F5 (Popup, 25F)
|
Batting: RHB Dimian Menres
|
0-0: Ball 1-0: Fly out, F8 (Flyball, 8LD)
|
Batting: RHB Nick Ross
|
0-0: Called Strike 0-1: Called Strike 0-2: Ball 1-2: Ball 2-2: Ball 3-2: Fly out, F9 (Flyball, 9M)
|
Bottom of the 7th over - 0 run(s), 0 hit(s), 0 error(s), 0 left on base; Mancelona 1 - South Beach 7 |
TOP OF THE 8TH |
Mancelona Torch batting - Pitching for South Beach Blaze : RHP Marv Bradford
|
Pitching: LHP Ken Mace
|
|
Batting: RHB Jim Unknown
|
0-0: Ball 1-0: Ball 2-0: Called Strike 2-1: Fly out, F7 (Line Drive, 78M)
|
Batting: RHB Ricardo Cardenas
|
0-0: Called Strike 0-1: Ball 1-1: Swinging Strike 1-2: Ball 2-2: Ball 3-2: Base on Balls
|
Batting: LHB Manuel Carmona
|
0-0: Swinging Strike 0-1: Foul Ball, location: 2F 0-2: Ball 1-2: Ball Wild Pitch! Ricardo Cardenas to second 2-2: Strikes out swinging
|
Batting: RHB Juan Carlos Cruz
|
0-0: Called Strike 0-1: Ball 1-1: Ball Passed Ball! Ricardo Cardenas to third 2-1: Called Strike 2-2: DOUBLE (Flyball, 8RXD) Ricardo Cardenas scores
|
Batting: RHB Ron Thomas
|
0-0: Called Strike 0-1: Ball 1-1: Ground out 5-3 (Groundball, 56)
|
Top of the 8th over - 1 run(s), 1 hit(s), 0 error(s), 1 left on base; Mancelona 2 - South Beach 7 |
BOTTOM OF THE 8TH |
South Beach Blaze batting - Pitching for Mancelona Torch : LHP Manuel Cruz
|
Batting: RHB Troy Charles
|
0-0: Ball 1-0: Called Strike 1-1: Swinging Strike 1-2: Ball 2-2: Ground out 6-3 (Groundball, 6)
|
Batting: RHB León Domínguez
|
0-0: Fly out, F6 (Line Drive, 6)
|
Batting: RHB Wade Killefer
|
0-0: Ground out 5-3 (Groundball, 5)
|
Bottom of the 8th over - 0 run(s), 0 hit(s), 0 error(s), 0 left on base; Mancelona 2 - South Beach 7 |
TOP OF THE 9TH |
Mancelona Torch batting - Pitching for South Beach Blaze : LHP Ken Mace
|
Batting: RHB Henry Lambright
|
0-0: Called Strike 0-1: Ball 1-1: Called Strike 1-2: Fly out, F9 (Flyball, 89S)
|
Batting: RHB Jim Unknown
|
0-0: Ball 1-0: Fly out, F7 (Line Drive, 78S)
|
Batting: RHB Bert Cook
|
0-0: Foul Ball, location: 2F 0-1: Ball 1-1: Foul Ball, location: 2F 1-2: SINGLE (Flyball, 78S)
|
Batting: LHB José Hernández
|
0-0: Called Strike 0-1: Ground out 4-3 (Groundball, 34)
|
Top of the 9th over - 0 run(s), 1 hit(s), 0 error(s), 1 left on base; Mancelona 2 - South Beach 7 |
|